 Dungeon Crawl Stone Soup version 0.20-a0-38-g7d30548 (webtiles) character file.

13927 Faca the Basher (level 12, -3/95 HPs)
             Began as a Merfolk Berserker on Nov 10, 2016.
             Was a High Priest of Trog.
             Slain by an ettin
             ... wielding a +0 dire flail
              (9 damage)
             ... on level 2 of the Orcish Mines.
             The game lasted 02:32:05 (15973 turns).

Faca the Basher (Merfolk Berserker)                Turns: 15973, Time: 02:32:06

Health: -3/95      AC: 29    Str: 24    XL:     12   Next: 11%
Magic:  12/12      EV: 17    Int:  6    God:    Trog [*****.]
Gold:   876        SH:  0    Dex: 17    Spells: 0 memorised, 11 levels left

rFire  . . .     SeeInvis +     J - +2 mace (protect)
rCold  . . .     Gourm    .     L - +3 scale mail
rNeg   . . .     Faith    +     (no shield)
rPois  .         Spirit   .     k - +1 helmet
rElec  .         Reflect  .     D - +1 cloak
rCorr  .         Harm     .     m - +2 pair of gloves
MR     .....                    F - +2 pair of boots
Stlth  ..........               w - amulet of faith
                                l - +5 ring of strength
                                e - ring of see invisible

@: protection aura
A: change form in water, swift swim, stealthy swim
a: Berserk, Trog's Hand, Brothers in Arms, Burn Spellbooks, Renounce Religion


You were on level 2 of the Orcish Mines.
You worshipped Trog.
Trog was extremely pleased with you.
You were not hungry.

You visited 2 branches of the dungeon, and saw 13 of its levels.

You collected 987 gold pieces.
You spent 111 gold pieces at shops.

Inventory:

Hand Weapons
 y - a +4 long sword
 z - a +4 antimagic quarterstaff
 E - the +2 rapier of the Median {pierce, rElec rPois rF+++ Str-5}
   (You found it on level 5 of the Dungeon)

   It inflicts extra damage upon your enemies.
   It affects your strength (-5).
   It renders you almost immune to fire.
   It insulates you from electricity.
   It protects you from poison.
 J - a +2 mace of protection (weapon)
 M - a +5 antimagic great mace
Missiles
 b - 35 tomahawks (quivered)
Armour
 k - a +1 helmet (worn)
 m - a +2 pair of gloves (worn)
 D - a +1 cloak (worn)
 F - a +2 pair of boots (worn)
 L - a +3 scale mail (worn)
Jewellery
 e - a ring of see invisible (left hand)
 l - a +5 ring of strength (right hand)
 s - a +2 ring of protection
 v - an uncursed ring of positive energy
 w - an amulet of faith (around neck)
Scrolls
 a - a scroll of blinking
 j - a scroll of remove curse
 q - a scroll of magic mapping
 u - 2 scrolls of vulnerability
 A - a scroll of fog
 C - a scroll of recharging
 H - 3 scrolls of fear
Potions
 d - a potion of might
 f - 2 potions of agility
 i - 5 potions of curing
 n - a potion of mutation
 t - a potion of magic {unknown}
 B - a potion of invisibility {unknown}
 G - a potion of heal wounds
 I - a potion of cancellation {unknown}
Miscellaneous
 c - a crystal ball of energy
 o - a phial of floods
Comestibles
 h - a meat ration
 p - 2 royal jellies
 x - a bread ration
 K - a slice of pizza


   Skills:
 + Level 9.1 Fighting
 + Level 3.6(6.2) Short Blades
 + Level 7.1(7.5) Long Blades
 + Level 10.1 Maces & Flails
 * Level 6.7 Armour
 + Level 9.8 Dodging


You had 11 spell levels left.
You didn't know any spells.

Dungeon Overview and Level Annotations

Branches:
Dungeon (11/15)            Temple (0/1) D:7            Lair (0/6) D:8
    Orc (2/2) D:11
    Elf: Orc:2

Altars:
Ashenzari
Elyvilon
Fedhas
Makhleb
Nemelex Xobeh
Okawaru
Qazlal
Zin

Shops:
D:8 *   D:10 *

Annotations:
D:10 exclusions: ice statue and orange crystal statue


Message History

An orc comes into view. It is wielding a flail.
You hit the ettin.
The ettin is heavily wounded.
The orc moves out of view.
You hit the ettin but do no damage.
The ettin is heavily wounded.
The ettin hits you with a dire flail. The ettin barely misses you.
You barely miss the ettin.
The ettin is moderately wounded.
The ettin hits you with a dire flail!!
* * * LOW HITPOINT WARNING * * *
The ettin closely misses you.
You hit the ettin but do no damage.
The ettin is moderately wounded.
The ettin closely misses you. The ettin hits you with a dire flail!
* * * LOW HITPOINT WARNING * * *
You hit the ettin but do no damage.
The ettin is moderately wounded.
The ettin hits you with a dire flail!
You die...

... .... ## ... ..##.##
.. ...... o...... o#...
### .o. ### ##.# #C#
##.## #... ##@##
#...#####... #...#
##.#.#......
##.#####...........
##.##.#............
##......#..#.#.#.#..
#......#............
.........###..#........
#........##
#.##.......# ..........
.............


You could see an ettin and 3 orcs.

Vanquished Creatures
  The ghost of GlassEater the Sneak, a novice NaFi of Cheibriados (D:8)
  An unseen horror (D:10)
  A hill giant (D:10)
  A centaur zombie (D:11)
  Psyche (D:8)
  A gargoyle (D:11)
  A kobold demonologist (D:11)
  4 trolls
  A two-headed ogre (D:9)
  2 wyverns
  A yak (D:8)
  A vampire (D:10)
  2 hill giant zombies (D:11)
  3 hungry ghosts
  A warg (Orc:2)
  A mottled dragon (D:11)
  A soldier ant (D:11)
  A water moccasin (D:7)
  3 black bears
  An eye of draining (D:11)
  2 ice beasts
  9 orc warriors
  5 sky beasts
  A necrophage (D:7)
  3 phantoms
  A hornet zombie (D:7)
  10 ogres
  13 centaurs
  Blork the orc (D:4)
  A big kobold (D:9)
  2 bullfrogs
  2 scorpions
  5 killer bees
  2 troll zombies (D:11)
  An electric eel (D:8)
  7 wights
  4 howler monkeys (D:11)
  3 crimson imps
  2 bullfrog zombies
  A jelly (D:8)
  15 orc priests
  3 centaur skeletons
  4 hounds
  12 orc wizards
  A bullfrog skeleton (D:7)
  3 iguanas
  6 worker ants
  A killer bee zombie (D:5)
  2 ogre zombies (D:11)
  2 hound skeletons (D:4)
  4 worker ant zombies
  A howler monkey skeleton (D:6)
  4 gnolls (D:10)
  13 adders
  2 shadow imps
  An adder zombie (D:8)
  2 adder skeletons (D:9)
  A worm (D:6)
  2 dart slugs
  5 leopard geckos
  68 orcs
  3 giant cockroaches
  12 goblins
  13 hobgoblins
  11 jackals
  2 quokkas
  4 bats
  5 frilled lizards
  2 goblin skeletons (D:11)
  3 goblin zombies (D:11)
  A hobgoblin skeleton (D:11)
  12 kobolds
  3 leopard gecko zombies
  An orc skeleton (D:11)
  12 orc zombies (D:11)
  A quokka skeleton (D:4)
  10 rats
351 creatures vanquished.

Vanquished Creatures (collateral kills)
  2 orc knights (Orc:1)
  2 hell hounds (D:8)
  2 orc warriors (Orc:1)
  An ogre (D:8)
7 creatures vanquished.

Vanquished Creatures (others)
  An unseen horror (D:11)
  An orc wizard (D:6)
  A jackal (D:3)
3 creatures vanquished.

Grand Total: 361 creatures vanquished

Notes
Turn   | Place    | Note
-------+----------+-------------------------------------------
     0 | D:1      | Faca the Merfolk Berserker began the quest for the Orb.
     0 | D:1      | Reached XP level 1. HP: 18/18 MP: 1/1
   106 | D:1      | Reached XP level 2. HP: 7/24 MP: 2/2
   767 | D:1      | Reached ** piety under Trog
   770 | D:1      | Reached XP level 3. HP: 26/30 MP: 3/3
  1385 | D:2      | Reached XP level 4. HP: 19/37 MP: 4/4
  2211 | D:3      | Reached *** piety under Trog
  2310 | D:3      | Reached XP level 5. HP: 24/42 MP: 5/5
  3199 | D:3      | Found a burning altar of Makhleb.
  3243 | D:4      | Noticed Blork the orc
  3249 | D:4      | Reached skill level 5 in Long Blades
  3261 | D:4      | Killed Blork the orc
  3261 | D:4      | Reached XP level 6. HP: 31/48 MP: 6/6
  3788 | D:5      | Entered Level 5 of the Dungeon
  3850 | D:5      | Found a stormy altar of Qazlal.
  3855 | D:5      | Noticed a fire elemental
  3856 | D:5      | Noticed a water elemental
  3856 | D:5      | Noticed an air elemental
  3875 | D:5      | Reached XP level 7. HP: 54/55 MP: 7/7
  3953 | D:5      | Reached **** piety under Trog
  4102 | D:5      | Reached skill level 5 in Dodging
  4487 | D:5      | Got a crystal rapier
  4489 | D:5      | Identified the +2 rapier of the Median {pierce, rElec rPois rF+++ Str-5} (You found it on level 5 of the Dungeon)
  4960 | D:5      | Reached skill level 5 in Fighting
  4960 | D:5      | Reached skill level 1 in Short Blades
  4960 | D:5      | Reached XP level 8. HP: 62/62 MP: 8/8
  5179 | D:5      | Reached skill level 1 in Maces & Flails
  5312 | D:6      | Reached skill level 2 in Maces & Flails
  5551 | D:6      | Reached skill level 3 in Maces & Flails
  6035 | D:6      | Found a sparkling altar of Nemelex Xobeh.
  6256 | D:7      | Reached skill level 4 in Maces & Flails
  6256 | D:7      | Reached XP level 9. HP: 54/68 MP: 9/9
  6904 | D:7      | Found a staircase to the Ecumenical Temple.
  6951 | D:7      | Reached skill level 5 in Maces & Flails
  7053 | D:7      | Found a white marble altar of Elyvilon.
  7099 | D:7      | Reached ***** piety under Trog
  7375 | D:7      | Found an iron altar of Okawaru.
  7585 | D:8      | Found a staircase to the Lair.
  7697 | D:8      | Noticed GlassEater's ghost (novice NaFi)
  7739 | D:8      | Killed GlassEater's ghost
  7739 | D:8      | Reached skill level 6 in Maces & Flails
  7739 | D:8      | Reached XP level 10. HP: 32/77 MP: 10/10
  7961 | D:8      | Found Cann's General Store.
  8026 | D:8      | Noticed Psyche
  8040 | D:8      | Killed Psyche
  8164 | D:8      | Reached skill level 7 in Maces & Flails
  8315 | D:8      | Reached skill level 5 in Armour
  8612 | D:8      | Bought a scroll of remove curse for 36 gold pieces
  8612 | D:8      | Bought a scroll of remove curse for 36 gold pieces
  8808 | D:8      | Found a shattered altar of Ashenzari.
  9392 | D:9      | Found a blossoming altar of Fedhas.
  9617 | D:9      | Found a glowing silver altar of Zin.
  9814 | D:9      | Received a gift from Trog
  9993 | D:10     | Entered Level 10 of the Dungeon
 10034 | D:10     | Reached skill level 8 in Maces & Flails
 10258 | D:10     | Reached XP level 11. HP: 86/86 MP: 3/11
 11000 | D:10     | Noticed an orange crystal statue
 11017 | D:10     | Found Gatoruim's General Store.
 11150 | D:10     | Noticed a hill giant
 11157 | D:10     | Killed a hill giant
 11447 | D:10     | Noticed an unseen horror
 11457 | D:10     | Killed an unseen horror
 11596 | D:10     | Reached skill level 9 in Maces & Flails
 12101 | D:10     | Upgraded the game from 0.20-a0-33-g996f6e0 to 0.20-a0-38-g7d30548
 12174 | D:10     | Bought a potion of curing for 39 gold pieces
 12203 | D:11     | Received a gift from Trog
 12233 | D:11     | Noticed an unseen horror
 12269 | D:11     | Killed an unseen horror
 13573 | D:11     | Found a staircase to the Orcish Mines.
 14060 | D:11     | Received a gift from Trog
 14511 | Orc:1    | Entered Level 1 of the Orcish Mines
 14707 | Orc:1    | Reached skill level 10 in Maces & Flails
 15048 | Orc:1    | Noticed an orc knight
 15104 | Orc:1    | Reached XP level 12. HP: 15/95 MP: 12/12
 15722 | Orc:2    | Entered Level 2 of the Orcish Mines
 15959 | Orc:2    | Noticed an ettin
 15973 | Orc:2    | Slain by an ettin

Vault maps used:
D:1:      kennysheep_arrival_seaside
D:3:      old_standard_altar, serial_corexii_hall, corexii_hall_statues_x,
          corexii_hall_statues_l
D:4:      lemuel_coloured_pillars_altar, uniq_blork_the_orc
D:5:      nicolae_qazlal_style_of_elements, first_bread
D:6:      minmay_misc_feat_doors, lemuel_tele_altar
D:7:      lemuel_round_altar, lemuel_crystal_altar, hangedman_glass_teeth,
          kennysheep_flooded_box
D:8:      argonaut_augean_stables, kennysheep_mini, minmay_lair_entry_lava,
          serial_shops, shop, serial_bayou_crossing, uniq_psyche
D:9:      old_standard_altar, lemuel_round_altar
D:10:     minmay_separated_statues, serial_shops, shop_statue
D:11:     zombieorc1_lemuel
Orc:1:    nicolae_orc_accident_1, uniq_snorg
Orc:2:    st_orc_ogre_mass

Skill      XL: |  1  2  3  4  5  6  7  8  9 10 11 |
---------------+----------------------------------+-----
Long Blades    | 4 5 6 7 |  7.1
Dodging        | 3 4 5 7 8 9 |  9.8
Fighting       | 4 5 6 7 9 |  9.1
Armour         | 2 3 4 5 6 |  6.7
Short Blades   | 1 2 3 |  3.6
Maces & Flails | 4 6 8 10 | 10.1

Action                   |  1- 3 |  4- 6 |  7- 9 | 10-12 || total
-------------------------+-------+-------+-------+-------++-------
Melee: Falchion          |   123 |   116 |       |       ||   239
       Long sword        |       |    62 |       |       ||    62
       Scimitar          |       |    32 |    36 |       ||    68
       Rapier            |       |       |    75 |    18 ||    93
       Flail             |       |       |   148 |       ||   148
       Mace              |       |       |   180 |   696 ||   876
       Great mace        |       |       |       |   235 ||   235
       Dagger            |       |       |       |     8 ||     8
Throw: Tomahawk          |       |       |       |     4 ||     4
Invok: Burn Spellbooks   |       |     1 |     1 |     1 ||     3
       Brothers in Arms  |       |       |     1 |     1 ||     2
  Use: Scroll            |     4 |     4 |     9 |    19 ||    36
       Potion            |       |       |     1 |       ||     1
 Stab: Sleeping          |     2 |       |       |       ||     2
  Eat: Pizza             |     1 |       |       |       ||     1
       Meat ration       |       |     2 |       |     5 ||     7
       Bread ration      |       |       |     3 |     3 ||     6
       Beef jerky        |       |       |       |     2 ||     2
       Royal jelly       |       |       |       |     1 ||     1
Armor: Animal skin       |    26 |       |       |       ||    26
       Scale mail        |    42 |   145 |   217 |   500 ||   904
Dodge: Dodged            |   108 |   187 |   331 |   992 ||  1618
       Rpst.: Falchion   |    29 |    33 |       |       ||    62
       Long sword        |       |    15 |       |       ||    15
       Scimitar          |       |     7 |     7 |       ||    14
